 Dungeon Crawl Stone Soup version 0.22.0-2-ge58baed0e8 (webtiles) character file.

226 GordonOverkill the Sneak (level 6, 0/36 HPs)
             Began as an Octopode Wizard on Aug 12, 2018.
             Succumbed to a worker ant's poison
             ... on level 4 of the Dungeon.
             The game lasted 00:15:52 (4556 turns).

GordonOverkill the Sneak (Octopode Wizard)          Turns: 4556, Time: 00:15:52

Health: 0/36       AC:  1    Str: 10    XL:     6   Next: 1%
Magic:  4/11       EV: 21    Int: 23    God:
Gold:   207        SH:  0    Dex: 15    Spells: 1/12 levels left

rFire    + . .     SeeInvis .   e - +1 dagger
rCold    + . .     Gourm    .   (no shield)
rNeg     . . .     Faith    .   a - +0 hat
rPois    +         Spirit   .   (no amulet)
rElec    +         Reflect  .   f - +4 ring of strength
rCorr    +         Harm     .   l - +2 ring of evasion
MR       .....                  (no ring)
Stlth    +++++.....             (no ring)
HPRegen  0.12/turn              (no ring)
MPRegen  0.12/turn              (no ring)
                                (no ring)
                                (no ring)

@: agile, lethally poisoned (0 -> -1), resistant, very slightly contaminated
A: almost no armour, stealthy swim, amphibious, 8 rings, constrict 8, camouflage
1, gelatinous body 1
a: no special abilities


You were on level 4 of the Dungeon.
You were hungry.

You visited 1 branch of the dungeon, and saw 4 of its levels.

You collected 207 gold pieces.

Inventory:

Hand Weapons
 e - a +1 dagger (weapon)
Armour
 a - a +0 hat (worn)
 k - a +1 large shield of reflection
Jewellery
 f - a +4 ring of strength (left tentacle)
 l - a +2 ring of evasion (right tentacle)
 n - an uncursed ring of fire
 r - an uncursed amulet of regeneration {unknown}
Scrolls
 d - a scroll of amnesia
 m - a scroll of fog
 q - 2 scrolls of remove curse
Potions
 b - a potion of magic
 h - a potion of flight
 j - 3 potions of brilliance
 o - 2 potions of might
Comestibles
 c - 9 rations


   Skills:
 + Level 3.3 Dodging
 + Level 4.6 Stealth
 + Level 3.8 Spellcasting
 - Level 3.0 Conjurations
 + Level 1.5 Summonings
 - Level 1.0 Translocations


You had one spell level left.
You knew the following spells:

 Your Spells              Type           Power        Failure   Level  Hunger
a - Magic Dart            Conj           ###.         3%          1    None
b - Call Imp              Summ           ##......     9%          2    #......
c - Blink                 Tloc           N/A          11%         2    #......
d - Conjure Flame         Conj/Fire      ##......     17%         3    ###....
e - Mephitic Cloud        Conj/Pois/Air  #.......     22%         3    ###....

Your spell library contained the following spells:

 Spells                   Type           Power        Failure   Level  Hunger
 Slow                     Hex            #.......     16%         2    #......


Dungeon Overview and Level Annotations

Branches:
Dungeon (4/15)
 Temple: D:4-7

Altars:
Ashenzari
Makhleb
Xom


Innate Abilities, Weirdness & Mutations

You cannot wear most types of armour.
You are very stealthy in the water. (Stealth+)
You are amphibious.
You can wear up to eight rings at the same time.
You can use your tentacles to constrict eight enemies at once.
Your skin changes colour to match your surroundings (Stealth+).
Your rubbery body absorbs attacks. (AC +1, EV +1)


Message History

Unknown command.
Unknown command.
You feel less wooden.
Your +0 hat unmelds from your body.
* * * LOW HITPOINT WARNING * * *
You feel sick.
Okay, then.
Drop what? 15/52 slots (_ for help) (? for menu, Esc to quit)
Okay, then.
Unknown command.
Unknown command.
Okay, then.
Okay, then.
* * * LOW HITPOINT WARNING * * *
You feel sick.
You see here 21 stones.
Wield which item (- for none, * to show all)? (? for menu, Esc to quit)
Okay, then.
Okay, then.
You die...

#.......#.# #.#.##
#.#.....#.#
#.......# #
##...##.#
##.####.#
#.###.###.# ### #
#.........#
#####.##### ## #.#
##...###########.#
#..†.......(...@.#
.....#.###########
... #† . #( .. ##


There were no monsters in sight!

Vanquished Creatures
  An orc priest (D:4)
  Jessica (D:2)
  A worker ant (D:4)
  8 adders
  An ooze (D:3)
  A dart slug (D:2)
  8 leopard geckos
  7 orcs (D:4)
  3 giant cockroaches
  6 goblins
  3 hobgoblins
  6 kobolds
  4 bats
  2 frilled lizards (D:2)
  A leopard gecko skeleton (D:4)
  9 rats
62 creatures vanquished.

Notes
Turn   | Place    | Note
-------+----------+-------------------------------------------
     0 | D:1      | GordonOverkill the Octopode Wizard began the quest for the Orb.
     0 | D:1      | Reached XP level 1. HP: 11/11 MP: 4/4
   236 | D:1      | Reached XP level 2. HP: 17/17 MP: 1/6
   255 | D:1      | Reached skill level 3 in Stealth
   338 | D:1      | Learned a level 2 spell: Call Imp
   992 | D:2      | Noticed Jessica
  1136 | D:2      | Reached XP level 3. HP: 21/21 MP: 5/7
  1721 | D:2      | Learned a level 2 spell: Blink
  1725 | D:2      | Learned a level 3 spell: Conjure Flame
  1774 | D:2      | Killed Jessica
  1774 | D:2      | Reached XP level 4. HP: 27/27 MP: 5/9
  2097 | D:2      | Found a faded altar of an unknown god.
  2352 | D:3      | Found a shimmering altar of Xom.
  2354 | D:3      | Found a burning altar of Makhleb.
  2982 | D:3      | Reached XP level 5. HP: 31/31 MP: 6/10
  3116 | D:3      | Reached skill level 4 in Stealth
  3208 | D:2      | Learned a level 3 spell: Mephitic Cloud
  3550 | D:4      | Noticed an ogre
  3761 | D:4      | Found a shattered altar of Ashenzari.
  3836 | D:4      | Noticed an ogre
  4532 | D:4      | Noticed an ogre
  4540 | D:4      | HP: 2/46 [poisoned by a worker ant]
  4542 | D:4      | Reached XP level 6. HP: 3/36 MP: 3/11
  4548 | D:4      | HP: 1/36 [poisoned by a worker ant]
  4556 | D:4      | Succumbed to a worker ant's poison

Skill      XL: |  1  2  3  4  5 |
---------------+----------------+-----
Stealth        | 3 4 |  4.6
Conjurations   | 2 3 |  3.0
Dodging        | 3 |  3.3
Spellcasting   | |  3.8
Summonings     | |  1.5
Translocations | |  1.0

Action                   |  1- 3 |  4- 6 || total
-------------------------+-------+-------++-------
Melee: Dagger            |    14 |    39 ||    53
       Constrict         |     4 |    13 ||    17
       Tentacles         |     1 |     6 ||     7
 Cast: Magic Dart        |    60 |   102 ||   162
       Mephitic Cloud    |       |     3 ||     3
       Conjure Flame     |       |     2 ||     2
  Use: Scroll            |       |    12 ||    12
       Potion            |       |     9 ||     9
 Stab: Sleeping          |     1 |       ||     1
  Eat: Chunk             |     2 |     5 ||     7
       Ration            |       |     1 ||     1
Armor: Skin              |       |     8 ||     8
Dodge: Dodged            |    12 |    38 ||    50
